Carnivores vs Rafales
Created - 28 décembre 2015 at 21:35
Goals
|
| Carnivores |
0 |
3 |
2 |
5 |
| Rafales |
1 |
0 |
2 |
3 |
|
Shots
|
| Carnivores |
13 |
8 |
9 |
30 |
| Rafales |
6 |
7 |
18 |
31 |
|
1st period
1. Rafales , Mike Zigomanis 17 (Milan Bartovic) at 13:04
Penalties :
No Penalty
2nd period
2. Carnivores , Vaclav Varada 5 (Anton Lander) at 3:15
3. Carnivores , Lane MacDermid 3 (Colton Orr, Zach Jones) at 5:37
4. Carnivores , Mikael Granlund 9 (Chris Lawrence, Blake Geoffrion) at 8:26
Penalties :
Bobby Sanguinetti (Bre) for Cross-checking (Minor) at 0:29, Chris Lawrence (Bre) for Holding (Minor) at 5:44, Kevin Veilleux (Stf) for Interference (Minor) at 12:35, Marc-André Gragnani (Stf) for Hooking (Minor) at 15:03
3rd period
5. Rafales , Cody McLeod 27 (Mike Zigomanis, Milan Bartovic) at 1:46
6. Rafales , Cody McLeod 28 (Mike Zigomanis, Milan Bartovic) at 8:07 (PP)
7. Carnivores , Colton Orr 8 (John Moore) at 10:13
8. Carnivores , Anton Gustafsson 15 (Chris Lawrence, Blake Geoffrion) at 17:19
Penalties :
Sasha Pokulok (Bre) for Tripping (Minor) at 7:51
Goalie Stats
Steve Mason (Bre), 28 saves from 31 shots - (0,903), W, 3-0-1, 60:00 minutes
Loïc Lacasse (Stf), 25 saves from 30 shots - (0,833), L, 15-9-3, 60:00 minutes
Players Stats for Carnivores
Player Name G A P +/- PIM S H SB GA TA FO MP PP MP PK MP
------------------------------------------------------------------------------------
Adam Almquist 0 0 0 2 0 0 0 0 0 0 0/0 9:09 1:25 0:50
Anton Gustafsson 1 0 1 1 0 4 2 4 0 0 10/22 18:13 1:49 1:03
Anton Lander 0 1 1 0 0 1 2 2 0 1 7/17 14:15 0:10 2:17
Blake Geoffrion 0 2 2 0 0 0 3 0 0 1 0/2 19:43 2:09 0:00
Bobby Sanguinetti 0 0 0 0 2 1 0 3 0 0 0/0 11:49 0:00 1:13
Brendan Gallagher 0 0 0 1 0 1 2 0 0 0 0/2 16:27 1:39 0:00
Chris Butler 0 0 0 1 0 1 1 0 1 1 0/0 18:02 2:33 1:12
Chris Lawrence 0 2 2 0 2 4 4 0 0 2 0/0 21:01 2:09 0:31
Colton Orr 1 1 2 2 0 4 1 0 1 0 0/0 6:56 0:00 0:00
Frederic St-Denis 0 0 0 1 0 0 1 1 0 1 0/0 9:44 0:00 0:46
Jeremy Welsh 0 0 0 0 0 2 2 0 2 0 0/0 11:42 0:00 0:00
Joffrey Lupul 0 0 0 1 0 3 1 0 0 0 0/0 17:03 1:49 0:11
John Moore 0 1 1 0 0 0 1 1 1 1 0/0 26:11 2:27 2:38
Lane MacDermid 1 0 1 2 0 1 3 1 0 0 0/0 8:05 0:00 1:15
Mikael Granlund 1 0 1 0 0 3 1 0 0 0 8/24 20:52 2:09 0:54
Phil Oreskovic 0 0 0 0 0 0 0 2 1 0 0/0 15:31 0:25 0:00
Sasha Pokulok 0 0 0 0 2 2 3 6 0 2 0/0 23:27 1:06 1:49
Vaclav Varada 1 0 1 0 0 3 2 0 2 1 0/1 14:05 0:00 2:17
Zach Jones 0 1 1 2 0 0 0 0 0 0 0/0 6:38 0:00 0:00
Zack Smith 0 0 0 2 0 0 1 0 0 0 1/3 6:50 0:00 0:00
Players Stats for Rafales
Player Name G A P +/- PIM S H SB GA TA FO MP PP MP PK MP
------------------------------------------------------------------------------------
Bruno Gervais 0 0 0 -2 0 0 0 3 0 2 0/0 21:55 1:34 1:46
Cody McLeod 2 0 2 1 0 4 2 1 1 0 0/2 22:00 2:29 1:33
Dan Fritsche 0 0 0 -2 0 2 0 1 2 0 11/16 17:34 1:44 1:52
Dmitry Kulikov 0 0 0 -2 0 2 3 2 0 1 0/0 23:17 2:40 1:40
Jeff Skinner 0 0 0 -1 0 3 3 0 0 0 1/1 13:04 0:01 0:29
Johan Ryno 0 0 0 -1 0 1 0 0 1 0 0/0 7:39 0:01 0:00
Jonas Junland 0 0 0 1 0 1 0 0 0 0 0/0 14:40 0:00 2:18
Jonathan Rheault 0 0 0 -1 0 2 0 0 0 0 0/1 11:49 0:00 0:00
Kevin Veilleux 0 0 0 -1 2 0 2 0 0 0 0/0 7:52 0:00 0:01
Marc-André Gragnani 0 0 0 -2 2 2 1 3 0 0 0/0 22:42 1:34 0:00
Matt Gilroy 0 0 0 1 0 3 1 0 0 0 0/0 15:24 2:40 0:00
Michael Bournival 0 0 0 -1 0 0 1 0 0 0 0/0 7:54 0:01 0:15
Mike Sislo 0 0 0 -2 0 2 1 1 0 0 1/2 15:33 1:44 0:00
Mike Zigomanis 1 2 3 1 0 2 0 2 2 1 27/38 21:58 2:29 1:31
Milan Bartovic 0 3 3 1 0 2 0 0 2 1 1/1 20:40 2:29 0:13
Nathan Davis 0 0 0 -1 0 2 1 0 1 0 3/9 13:54 0:00 1:56
Tim Crowder 0 0 0 -2 0 3 1 0 0 2 1/1 15:33 1:44 0:00
Willie Mitchell 0 0 0 -2 0 0 2 0 1 1 0/0 22:32 0:00 2:18
3 Stars
1 - Cody McLeod (Stf)
2 - Mike Zigomanis (Stf)
3 - Colton Orr (Bre)
Power Play
Carnivores - 0 on 2 Attempt(s) - 0,00%
Rafales - 1 on 3 Attempt(s) - 33,33%
Penalty Kill
Carnivores - 2 on 3 Attempt(s) - 66,67%
- Score 0 goal in Penalty Kill
Rafales - 2 on 2 Attempt(s) - 100,00%
- Score 0 goal in Penalty Kill
Team Stat
Carnivores - Hits : 30 - Faceoff Wins : 26 - Blocked Shots : 20 - Penalty Minutes : 6
Rafales - Hits : 18 - Faceoff Wins : 45 - Blocked Shots : 13 - Penalty Minutes : 4
Official
Referees : McCauley Wes and Dwyer Gord
Linesman : Andy McElman and Jonny Murray
Game Notes
Bobby Sanguinetti is injured at 10:08 of 2nd period (Left Knee)
Finance
Level 1 -- Attendance: 1628 (81,40%) -- Ticket Income 56 980 $
Level 2 -- Attendance: 676 (67,60%) -- Ticket Income 10 140 $
Total Attendance: 2304 (76,80%)
Total Ticket Income: 67 120 $
Other Income: 3 356 $
Total Income: 70 476 $
Carnivores
5 vs 5 Forward
Center Left Wing Right Wing Time % Phy DF OF
1 Mikael Granlund Blake Geoffrion Chris Lawrence 36 1 2 2
2 Anton Gustafsson Joffrey Lupul Brendan Gallagher 33 1 2 2
3 Anton Lander Jeremy Welsh Vaclav Varada 20 1 2 2
4 Zack Smith Lane MacDermid Colton Orr 11 3 0 2
5 vs 5 Defense
Defense Defense Time % Phy DF OF
1 Bobby Sanguinetti John Moore 40 1 2 2
2 Phil Oreskovic Sasha Pokulok 30 1 2 2
3 Chris Butler Frederic St-Denis 20 1 2 2
4 Adam Almquist Zach Jones 10 1 2 2
PowerPlay Forward
Center Left Wing Right Wing Time % Phy DF OF
1 Mikael Granlund Blake Geoffrion Chris Lawrence 53 1 1 3
2 Anton Gustafsson Joffrey Lupul Brendan Gallagher 47 1 1 3
PowerPlay Defense
Defense Defense Time % Phy DF OF
1 Bobby Sanguinetti John Moore 60 1 1 3
2 Chris Butler Sasha Pokulok 40 1 1 3
Penalty Kill 4 Players Forward
Center Wing Time % Phy DF OF
1 Anton Lander Vaclav Varada 60 1 3 1
2 Anton Gustafsson Chris Lawrence 40 1 3 1
Penalty Kill 4 Players Defense
Defense Defense Time % Phy DF OF
1 Bobby Sanguinetti John Moore 60 1 3 1
2 Frederic St-Denis Sasha Pokulok 40 1 3 1
Penalty Kill - 3 Players Forward
Forward Time % Phy DF OF
1 Anton Lander 60 1 4 0
2 Anton Gustafsson 40 1 4 0
Penalty Kill - 3 Players Defense
Defense Defense Time % Phy DF OF
1 Bobby Sanguinetti John Moore 60 2 3 0
2 Frederic St-Denis Sasha Pokulok 40 2 3 0
4 vs 4 Forward
Center Wing Time % Phy DF OF
1 Mikael Granlund Chris Lawrence 60 1 2 2
2 Anton Gustafsson Brendan Gallagher 40 1 2 2
4 vs 4 Defense
Defense Defense Time % Phy DF OF
1 Bobby Sanguinetti John Moore 60 1 2 2
2 Phil Oreskovic Sasha Pokulok 40 1 2 2
Last Minutes Offensive
Center Left Wing Right Wing Defense Defense
Mikael Granlund Blake Geoffrion Chris Lawrence Bobby Sanguinetti John Moore
Last Minutes Defensive
Center Left Wing Right Wing Defense Defense
Anton Lander Lane MacDermid Vaclav Varada Sasha Pokulok John Moore
Goaltenders
Starting : Steve Mason
Backup : Antti Raanta
Extra Forwards
Normal : Anton Lander, Chris Lawrence, Vaclav Varada - PP : Anton Lander, Brendan Gallagher - PK : Anton Lander
Extra Defensemen
Normal : John Moore, Sasha Pokulok, Bobby Sanguinetti - PP : John Moore - PK : Sasha Pokulok, John Moore
Penalty Shots
Anton Lander, Anton Gustafsson, Blake Geoffrion, Chris Lawrence, Brendan Gallagher
Rafales
5 vs 5 Forward
Center Left Wing Right Wing Time % Phy DF OF
1 Mike Zigomanis Cody McLeod Milan Bartovic 40 0 3 2
2 Dan Fritsche Mike Sislo Tim Crowder 30 0 3 2
3 Nathan Davis Jeff Skinner Jonathan Rheault 20 0 3 2
4 Kevin Veilleux Michael Bournival Johan Ryno 10 0 3 2
5 vs 5 Defense
Defense Defense Time % Phy DF OF
1 Willie Mitchell Marc-André Gragnani 40 0 4 1
2 Bruno Gervais Dmitry Kulikov 30 0 4 1
3 Matt Gilroy Jonas Junland 20 0 4 1
4 Bruno Gervais Dmitry Kulikov 10 0 4 1
PowerPlay Forward
Center Left Wing Right Wing Time % Phy DF OF
1 Mike Zigomanis Cody McLeod Milan Bartovic 60 0 0 5
2 Dan Fritsche Mike Sislo Tim Crowder 40 0 0 5
PowerPlay Defense
Defense Defense Time % Phy DF OF
1 Matt Gilroy Dmitry Kulikov 60 0 2 3
2 Bruno Gervais Marc-André Gragnani 40 0 2 3
Penalty Kill 4 Players Forward
Center Wing Time % Phy DF OF
1 Dan Fritsche Nathan Davis 60 0 4 1
2 Milan Bartovic Dan Fritsche 40 0 4 1
Penalty Kill 4 Players Defense
Defense Defense Time % Phy DF OF
1 Willie Mitchell Jonas Junland 60 0 5 0
2 Bruno Gervais Dmitry Kulikov 40 0 5 0
Penalty Kill - 3 Players Forward
Forward Time % Phy DF OF
1 Dan Fritsche 60 0 5 0
2 Milan Bartovic 40 0 5 0
Penalty Kill - 3 Players Defense
Defense Defense Time % Phy DF OF
1 Willie Mitchell Marc-André Gragnani 60 0 5 0
2 Bruno Gervais Dmitry Kulikov 40 0 5 0
4 vs 4 Forward
Center Wing Time % Phy DF OF
1 Mike Zigomanis Cody McLeod 60 0 2 3
2 Milan Bartovic Dan Fritsche 40 0 2 3
4 vs 4 Defense
Defense Defense Time % Phy DF OF
1 Matt Gilroy Dmitry Kulikov 60 0 4 1
2 Bruno Gervais Marc-André Gragnani 40 0 4 1
Last Minutes Offensive
Center Left Wing Right Wing Defense Defense
Mike Zigomanis Cody McLeod Milan Bartovic Dmitry Kulikov Bruno Gervais
Last Minutes Defensive
Center Left Wing Right Wing Defense Defense
Dan Fritsche Michael Bournival Milan Bartovic Willie Mitchell Matt Gilroy
Goaltenders
Starting : Loïc Lacasse
Backup : Eddie Lack
Extra Forwards
Normal : Jeff Skinner, Mike Zigomanis, Cody McLeod - PP : Jeff Skinner, Mike Zigomanis - PK : Dan Fritsche
Extra Defensemen
Normal : Dmitry Kulikov, Willie Mitchell, Bruno Gervais - PP : Dmitry Kulikov - PK : Willie Mitchell, Bruno Gervais
Penalty Shots
Mike Zigomanis, Cody McLeod, Jeff Skinner, Dan Fritsche, Nathan Davis
% Time on Ice - Carnivores
Lines # - Real PCT - Wanted PCT - Time Play
Normal Forward
1 - 35% - 36% - 17:55
2 - 30% - 33% - 15:21
3 - 23% - 20% - 11:42
4 - 13% - 11% - 6:50
Normal Defense
1 - 41% - 40% - 21:24
2 - 29% - 30% - 14:48
3 - 17% - 20% - 8:58
4 - 13% - 10% - 6:38
PP Forward
1 - 54% - 53% - 2:09
2 - 46% - 47% - 1:49
PP Defense
1 - 72% - 60% - 2:52
2 - 28% - 40% - 1:06
PK Forward
1 - 75% - 60% - 3:11
2 - 25% - 40% - 1:03
PK Defense
1 - 82% - 60% - 3:28
2 - 18% - 40% - 0:46
PK3 Forward
1 - 0% - 60%
2 - 0% - 40%
PK3 Defense
1 - 0% - 60%
2 - 0% - 40%
44 Forward
1 - 0% - 60%
2 - 0% - 40%
44 Defense
1 - 0% - 60%
2 - 0% - 40%
Last Minute Offensive - 0:00
Last Minute Defensive - 0:00
Total
Forward - 60:00
Defense - 60:00
|
% Time on Ice - Rafales
Lines # - Real PCT - Wanted PCT - Time Play
Normal Forward
1 - 36% - 40% - 18:52
2 - 27% - 30% - 13:49
3 - 23% - 20% - 11:49
4 - 14% - 10% - 7:18
Normal Defense
1 - 40% - 40% - 20:45
2 - 30% - 30% - 15:30
3 - 24% - 20% - 12:28
4 - 6% - 10% - 3:05
PP Forward
1 - 59% - 60% - 2:30
2 - 41% - 40% - 1:44
PP Defense
1 - 63% - 60% - 2:40
2 - 37% - 40% - 1:34
PK Forward
1 - 95% - 60% - 3:45
2 - 5% - 40% - 0:13
PK Defense
1 - 58% - 60% - 2:18
2 - 42% - 40% - 1:40
PK3 Forward
1 - 0% - 60%
2 - 0% - 40%
PK3 Defense
1 - 0% - 60%
2 - 0% - 40%
44 Forward
1 - 0% - 60%
2 - 0% - 40%
44 Defense
1 - 0% - 60%
2 - 0% - 40%
Last Minute Offensive - 0:00
Last Minute Defensive - 0:00
Total
Forward - 60:00
Defense - 60:00
|
Play by Play
1st period
0:01 of 1st period - Mike Zigomanis wins face-off versus Blake Geoffrion in neutral zone.
0:46 of 1st period - Snap shot by Lane MacDermid.
0:46 of 1st period - Shot Blocked by Bruno Gervais.
0:48 of 1st period - Slapshot by Chris Butler.
0:48 of 1st period - Shot Misses the Net.
1:06 of 1st period - Jeremy Welsh is hit by Michael Bournival and loses puck.
1:22 of 1st period - Icing by Dmitry Kulikov.
1:23 of 1st period - Mikael Granlund wins face-off versus Mike Zigomanis in Rafales zone.
1:24 of 1st period - Snap shot by Blake Geoffrion.
1:24 of 1st period - Deflect By Mikael Granlund.
1:24 of 1st period - Stopped by Loïc Lacasse without a rebound.
1:25 of 1st period - Mike Zigomanis wins face-off versus Mikael Granlund in Rafales zone.
1:25 of 1st period - Mike Zigomanis is hit by Chris Lawrence.
2:01 of 1st period - Snap shot by Mike Zigomanis.
2:01 of 1st period - Deflect By Milan Bartovic.
2:01 of 1st period - Stopped by Steve Mason without a rebound.
2:02 of 1st period - Dan Fritsche wins face-off versus Anton Gustafsson in Carnivores zone.
2:03 of 1st period - Backhand shot by Tim Crowder.
2:03 of 1st period - Shot Misses the Net.
2:35 of 1st period - Snap shot by Jonathan Rheault.
2:35 of 1st period - Stopped by Steve Mason without a rebound.
2:36 of 1st period - Anton Gustafsson wins face-off versus Dan Fritsche in Carnivores zone.
2:41 of 1st period - Willie Mitchell is hit by Joffrey Lupul and loses puck.
3:02 of 1st period - Willie Mitchell is hit by Frederic St-Denis and loses puck.
3:23 of 1st period - Slapshot by Colton Orr.
3:23 of 1st period - Shot Misses the Net.
3:25 of 1st period - Slapshot by Chris Butler.
3:25 of 1st period - Stopped by Loïc Lacasse without a rebound.
3:26 of 1st period - Nathan Davis wins face-off versus Zack Smith in Rafales zone.
4:09 of 1st period - Jonathan Rheault is hit by Jeremy Welsh and loses puck.
4:30 of 1st period - Wrist shot by Joffrey Lupul.
4:30 of 1st period - Shot Misses the Net.
4:39 of 1st period - Off-side.
4:40 of 1st period - Dan Fritsche wins face-off versus Zack Smith in neutral zone.
6:30 of 1st period - Wrist shot by Mikael Granlund.
6:30 of 1st period - Stopped by Loïc Lacasse without a rebound.
6:31 of 1st period - Mike Zigomanis wins face-off versus Anton Gustafsson in Rafales zone.
6:38 of 1st period - Snap shot by Anton Gustafsson.
6:38 of 1st period - Stopped by Loïc Lacasse with a rebound.
6:40 of 1st period - Snap shot by Anton Gustafsson.
6:40 of 1st period - Deflect By Mike Zigomanis.
6:40 of 1st period - Shot Blocked by Dmitry Kulikov.
6:40 of 1st period - Puck is out of play.
6:41 of 1st period - Mike Zigomanis wins face-off versus Brendan Gallagher in Rafales zone.
7:44 of 1st period - Slapshot by Anton Gustafsson.
7:44 of 1st period - Stopped by Loïc Lacasse without a rebound.
7:45 of 1st period - Tim Crowder wins face-off versus Mikael Granlund in Rafales zone.
8:43 of 1st period - Wrist shot by Jeremy Welsh.
8:43 of 1st period - Stopped by Loïc Lacasse with a rebound.
8:45 of 1st period - Wrist shot by Vaclav Varada.
8:45 of 1st period - Stopped by Loïc Lacasse with a rebound.
9:00 of 1st period - Icing by Mike Sislo.
9:01 of 1st period - Dan Fritsche wins face-off versus Mikael Granlund in Rafales zone.
9:06 of 1st period - Snap shot by Mike Sislo.
9:06 of 1st period - Stopped by Steve Mason with a rebound.
10:06 of 1st period - Willie Mitchell is hit by Colton Orr and loses puck.
10:17 of 1st period - Wrist shot by Colton Orr.
10:17 of 1st period - Stopped by Loïc Lacasse without a rebound.
10:18 of 1st period - Mike Zigomanis wins face-off versus Mikael Granlund in Rafales zone.
11:58 of 1st period - Sasha Pokulok is hit by Mike Sislo and loses puck.
13:04 of 1st period - Wrist shot by Mike Zigomanis.
13:04 of 1st period - Goal by Mike Zigomanis - Carnivores : 0 - Rafales : 1.
13:05 of 1st period - Anton Gustafsson wins face-off versus Dan Fritsche in neutral zone.
13:22 of 1st period - Mike Sislo is hit by Brendan Gallagher.
14:21 of 1st period - Snap shot by Tim Crowder.
14:21 of 1st period - Shot Blocked by Bobby Sanguinetti.
14:23 of 1st period - Wrist shot by Mike Sislo.
14:23 of 1st period - Shot Blocked by John Moore.
14:33 of 1st period - Wrist shot by Bobby Sanguinetti.
14:33 of 1st period - Deflect By Vaclav Varada.
14:33 of 1st period - Shot Misses the Net.
14:33 of 1st period - Puck is out of play.
14:34 of 1st period - Mike Zigomanis wins face-off versus Anton Lander in Rafales zone.
14:34 of 1st period - Mike Zigomanis is hit by Vaclav Varada.
15:00 of 1st period - Willie Mitchell is hit by Blake Geoffrion and loses puck.
15:46 of 1st period - Off-side.
15:47 of 1st period - Mike Zigomanis wins face-off versus Mikael Granlund in neutral zone.
15:49 of 1st period - Off-side.
15:50 of 1st period - Mikael Granlund wins face-off versus Mike Zigomanis in neutral zone.
15:55 of 1st period - Snap shot by Chris Lawrence.
15:55 of 1st period - Stopped by Loïc Lacasse with a rebound.
15:57 of 1st period - Slapshot by Blake Geoffrion.
15:57 of 1st period - Shot Misses the Net.
15:59 of 1st period - Snap shot by Mikael Granlund.
15:59 of 1st period - Shot Blocked by Mike Zigomanis.
16:01 of 1st period - Snap shot by Mikael Granlund.
16:01 of 1st period - Shot Misses the Net.
16:03 of 1st period - Slapshot by Zach Jones.
16:03 of 1st period - Shot Misses the Net.
16:05 of 1st period - Snap shot by Chris Lawrence.
16:05 of 1st period - Shot Blocked by Marc-André Gragnani.
17:53 of 1st period - Wrist shot by Jeremy Welsh.
17:53 of 1st period - Shot Misses the Net.
17:55 of 1st period - Slapshot by Bobby Sanguinetti.
17:55 of 1st period - Stopped by Loïc Lacasse with a rebound.
18:15 of 1st period - Snap shot by Johan Ryno.
18:15 of 1st period - Shot Blocked by Bobby Sanguinetti.
18:17 of 1st period - Snap shot by Johan Ryno.
18:17 of 1st period - Shot Misses the Net.
18:19 of 1st period - Slapshot by Matt Gilroy.
18:19 of 1st period - Stopped by Steve Mason with a rebound.
18:21 of 1st period - Slapshot by Jonas Junland.
18:21 of 1st period - Deflect By Colton Orr.
18:21 of 1st period - Stopped by Steve Mason with a rebound.
18:23 of 1st period - Slapshot by Matt Gilroy.
18:23 of 1st period - Shot Blocked by Bobby Sanguinetti.
18:37 of 1st period - Snap shot by Chris Lawrence.
18:37 of 1st period - Shot Misses the Net.
18:39 of 1st period - Wrist shot by Chris Lawrence.
18:39 of 1st period - Stopped by Loïc Lacasse without a rebound.
18:40 of 1st period - Mikael Granlund wins face-off versus Mike Zigomanis in Rafales zone.
18:55 of 1st period - Snap shot by Cody McLeod.
18:55 of 1st period - Shot Misses the Net.
19:17 of 1st period - Slapshot by Dmitry Kulikov.
19:17 of 1st period - Shot Blocked by Sasha Pokulok.
19:31 of 1st period - Slapshot by Brendan Gallagher.
19:31 of 1st period - Stopped by Loïc Lacasse without a rebound.
19:32 of 1st period - Mike Zigomanis wins face-off versus Anton Gustafsson in Rafales zone.
19:49 of 1st period - Slapshot by Bobby Sanguinetti.
19:49 of 1st period - Deflect By Joffrey Lupul.
19:49 of 1st period - Stopped by Loïc Lacasse with a rebound.
Goals for this period are 0 for Carnivores vs 1 for Rafales.
Shots for this period are 13 for Carnivores vs 6 for Rafales.
2nd period
0:01 of 2nd period - Mike Zigomanis wins face-off versus Mikael Granlund in neutral zone.
0:08 of 2nd period - Slapshot by Blake Geoffrion.
0:08 of 2nd period - Shot Misses the Net.
0:10 of 2nd period - Snap shot by Chris Lawrence.
0:10 of 2nd period - Deflect By Blake Geoffrion.
0:10 of 2nd period - Shot Blocked by Marc-André Gragnani.
0:10 of 2nd period - Puck is out of play.
0:11 of 2nd period - Mike Zigomanis wins face-off versus Mikael Granlund in Rafales zone.
0:24 of 2nd period - Wrist shot by Cody McLeod.
0:24 of 2nd period - Shot Misses the Net.
0:29 of 2nd period - Minor Penalty to Bobby Sanguinetti for Cross-checking.
0:30 of 2nd period - Anton Lander wins face-off versus Mike Zigomanis in Carnivores zone.
1:12 of 2nd period - Snap shot by Tim Crowder.
1:12 of 2nd period - Shot Blocked by Sasha Pokulok.
2:21 of 2nd period - Icing by Mike Sislo.
2:22 of 2nd period - Anton Gustafsson wins face-off versus Dan Fritsche in Rafales zone.
2:23 of 2nd period - Snap shot by Chris Lawrence.
2:23 of 2nd period - Stopped by Loïc Lacasse with a rebound.
2:25 of 2nd period - Slapshot by Anton Gustafsson.
2:25 of 2nd period - Shot Misses the Net.
2:27 of 2nd period - Slapshot by John Moore.
2:27 of 2nd period - Deflect By Chris Lawrence.
2:27 of 2nd period - Deflect By Bruno Gervais.
2:27 of 2nd period - Shot Misses the Net.
2:27 of 2nd period - Puck is out of play.
2:28 of 2nd period - Anton Gustafsson wins face-off versus Mike Zigomanis in Rafales zone.
2:29 of 2nd period - Penalty to Bobby Sanguinetti is over, Bobby Sanguinetti is back on ice.
3:01 of 2nd period - Slapshot by Anton Gustafsson.
3:01 of 2nd period - Stopped by Loïc Lacasse without a rebound.
3:02 of 2nd period - Anton Lander wins face-off versus Nathan Davis in Rafales zone.
3:07 of 2nd period - Snap shot by Anton Lander.
3:07 of 2nd period - Deflect By Vaclav Varada.
3:07 of 2nd period - Shot Misses the Net.
3:07 of 2nd period - Puck is out of play.
3:08 of 2nd period - Anton Lander wins face-off versus Jonathan Rheault in Rafales zone.
3:15 of 2nd period - Snap shot by Vaclav Varada.
3:15 of 2nd period - Goal by Vaclav Varada - Carnivores : 1 - Rafales : 1.
3:16 of 2nd period - Mike Zigomanis wins face-off versus Mikael Granlund in neutral zone.
3:45 of 2nd period - Off-side.
3:46 of 2nd period - Anton Gustafsson wins face-off versus Dan Fritsche in neutral zone.
3:49 of 2nd period - Dan Fritsche is hit by Anton Gustafsson and loses puck.
4:16 of 2nd period - Slapshot by Mike Sislo.
4:16 of 2nd period - Shot Misses the Net.
4:28 of 2nd period - Snap shot by Tim Crowder.
4:28 of 2nd period - Shot Blocked by Anton Lander.
4:30 of 2nd period - Slapshot by Tim Crowder.
4:30 of 2nd period - Stopped by Steve Mason without a rebound.
4:31 of 2nd period - Anton Lander wins face-off versus Cody McLeod in Carnivores zone.
4:56 of 2nd period - Matt Gilroy is hit by Sasha Pokulok and loses puck.
5:21 of 2nd period - Snap shot by Chris Lawrence.
5:21 of 2nd period - Stopped by Loïc Lacasse with a rebound.
5:23 of 2nd period - Snap shot by Chris Lawrence.
5:23 of 2nd period - Shot Misses the Net.
5:25 of 2nd period - Snap shot by Blake Geoffrion.
5:25 of 2nd period - Shot Misses the Net.
5:35 of 2nd period - Wrist shot by Colton Orr.
5:35 of 2nd period - Stopped by Loïc Lacasse with a rebound.
5:37 of 2nd period - Wrist shot by Lane MacDermid.
5:37 of 2nd period - Deflect By Milan Bartovic.
5:37 of 2nd period - Goal by Lane MacDermid - Carnivores : 2 - Rafales : 1.
5:38 of 2nd period - Mikael Granlund wins face-off versus Mike Zigomanis in neutral zone.
5:44 of 2nd period - Minor Penalty to Chris Lawrence for Holding.
5:45 of 2nd period - Mike Zigomanis wins face-off versus Anton Lander in Carnivores zone.
5:55 of 2nd period - Bobby Sanguinetti is hit by Matt Gilroy and loses puck.
6:08 of 2nd period - Vaclav Varada is hit by Dmitry Kulikov and loses puck.
6:33 of 2nd period - Snap shot by Milan Bartovic.
6:33 of 2nd period - Stopped by Steve Mason without a rebound.
6:34 of 2nd period - Dan Fritsche wins face-off versus Anton Gustafsson in Carnivores zone.
6:49 of 2nd period - Backhand shot by Dan Fritsche.
6:49 of 2nd period - Shot Blocked by Lane MacDermid.
7:44 of 2nd period - Penalty to Chris Lawrence is over, Chris Lawrence is back on ice.
7:51 of 2nd period - Chris Lawrence is hit by Jeff Skinner and loses puck.
7:58 of 2nd period - Wrist shot by Marc-André Gragnani.
7:58 of 2nd period - Deflect By Jeff Skinner.
7:58 of 2nd period - Shot Misses the Net.
7:58 of 2nd period - Puck is out of play.
7:59 of 2nd period - Anton Gustafsson wins face-off versus Nathan Davis in Carnivores zone.
8:22 of 2nd period - Blake Geoffrion is hit by Kevin Veilleux.
8:26 of 2nd period - Wrist shot by Mikael Granlund.
8:26 of 2nd period - Goal by Mikael Granlund - Carnivores : 3 - Rafales : 1.
8:27 of 2nd period - Mike Zigomanis wins face-off versus Anton Gustafsson in neutral zone.
8:52 of 2nd period - Willie Mitchell is hit by Chris Lawrence and loses puck.
9:12 of 2nd period - Off-side.
9:13 of 2nd period - Nathan Davis wins face-off versus Anton Lander in neutral zone.
9:17 of 2nd period - Off-side.
9:18 of 2nd period - Mike Zigomanis wins face-off versus Anton Lander in neutral zone.
9:25 of 2nd period - Slapshot by Milan Bartovic.
9:25 of 2nd period - Shot Misses the Net.
9:27 of 2nd period - Slapshot by Bruno Gervais.
9:27 of 2nd period - Shot Misses the Net.
9:29 of 2nd period - Snap shot by Cody McLeod.
9:29 of 2nd period - Stopped by Steve Mason with a rebound.
9:31 of 2nd period - Wrist shot by Cody McLeod.
9:31 of 2nd period - Stopped by Steve Mason with a rebound.
9:33 of 2nd period - Wrist shot by Milan Bartovic.
9:33 of 2nd period - Shot Misses the Net.
9:51 of 2nd period - Wrist shot by Mike Sislo.
9:51 of 2nd period - Shot Blocked by Phil Oreskovic.
10:07 of 2nd period - Bobby Sanguinetti is hit by Kevin Veilleux and loses puck.
10:08 of 2nd period - Bobby Sanguinetti from Carnivores is injured at 10:08 of 2nd period (Left Knee).
10:09 of 2nd period - Mike Zigomanis wins face-off versus Mikael Granlund in Carnivores zone.
10:14 of 2nd period - Snap shot by Mike Zigomanis.
10:14 of 2nd period - Shot Misses the Net.
10:25 of 2nd period - Icing by John Moore.
10:26 of 2nd period - Dan Fritsche wins face-off versus Mikael Granlund in Carnivores zone.
10:29 of 2nd period - Snap shot by Dan Fritsche.
10:29 of 2nd period - Stopped by Steve Mason with a rebound.
10:35 of 2nd period - Snap shot by John Moore.
10:35 of 2nd period - Deflect By Blake Geoffrion.
10:35 of 2nd period - Deflect By Dan Fritsche.
10:35 of 2nd period - Shot Misses the Net.
10:35 of 2nd period - Puck is out of play.
10:36 of 2nd period - Dan Fritsche wins face-off versus Anton Gustafsson in Rafales zone.
11:23 of 2nd period - Dan Fritsche is hit by Zack Smith and loses puck.
11:34 of 2nd period - Lane MacDermid is hit by Tim Crowder and loses puck.
11:41 of 2nd period - Wrist shot by Tim Crowder.
11:41 of 2nd period - Stopped by Steve Mason without a rebound.
11:42 of 2nd period - Mike Zigomanis wins face-off versus Anton Gustafsson in Carnivores zone.
12:07 of 2nd period - Nathan Davis is hit by Chris Lawrence.
12:33 of 2nd period - Wrist shot by Colton Orr.
12:33 of 2nd period - Shot Misses the Net.
12:35 of 2nd period - Minor Penalty to Kevin Veilleux for Interference.
12:36 of 2nd period - Dan Fritsche wins face-off versus Mikael Granlund in Rafales zone.
12:47 of 2nd period - Chris Butler is hit by Willie Mitchell and loses puck.
14:35 of 2nd period - Penalty to Kevin Veilleux is over, Kevin Veilleux is back on ice.
14:39 of 2nd period - Phil Oreskovic is hit by Nathan Davis.
14:49 of 2nd period - Dmitry Kulikov is hit by Anton Lander and loses puck.
14:58 of 2nd period - Snap shot by Vaclav Varada.
14:58 of 2nd period - Stopped by Loïc Lacasse without a rebound.
14:59 of 2nd period - Zack Smith wins face-off versus Mike Zigomanis in Rafales zone.
15:03 of 2nd period - Minor Penalty to Marc-André Gragnani for Hooking.
15:04 of 2nd period - Dan Fritsche wins face-off versus Blake Geoffrion in Rafales zone.
15:22 of 2nd period - Jonas Junland is hit by Chris Butler and loses puck.
16:03 of 2nd period - Joffrey Lupul is hit by Cody McLeod and loses puck.
17:03 of 2nd period - Penalty to Marc-André Gragnani is over, Marc-André Gragnani is back on ice.
17:20 of 2nd period - Willie Mitchell is hit by Lane MacDermid and loses puck.
17:53 of 2nd period - Michael Bournival is hit by Lane MacDermid and loses puck.
18:10 of 2nd period - Slapshot by Matt Gilroy.
18:10 of 2nd period - Stopped by Steve Mason with a rebound.
19:01 of 2nd period - Matt Gilroy is hit by Blake Geoffrion and loses puck.
19:14 of 2nd period - Slapshot by Mike Sislo.
19:14 of 2nd period - Shot Blocked by Anton Gustafsson.
19:16 of 2nd period - Slapshot by Matt Gilroy.
19:16 of 2nd period - Shot Blocked by Anton Gustafsson.
19:35 of 2nd period - Icing by Michael Bournival.
19:36 of 2nd period - Mike Zigomanis wins face-off versus Anton Gustafsson in Rafales zone.
19:36 of 2nd period - Mike Zigomanis is hit by Brendan Gallagher.
19:42 of 2nd period - Zach Jones is hit by Cody McLeod and loses puck.
Goals for this period are 3 for Carnivores vs 0 for Rafales.
Shots for this period are 8 for Carnivores vs 7 for Rafales.
3rd period
0:01 of 3rd period - Mikael Granlund wins face-off versus Cody McLeod in neutral zone.
0:08 of 3rd period - Slapshot by Marc-André Gragnani.
0:08 of 3rd period - Stopped by Steve Mason with a rebound.
0:26 of 3rd period - Mike Zigomanis is hit by Jeremy Welsh and loses puck.
0:34 of 3rd period - Off-side.
0:35 of 3rd period - Anton Gustafsson wins face-off versus Mike Sislo in neutral zone.
0:42 of 3rd period - Wrist shot by Dan Fritsche.
0:42 of 3rd period - Shot Misses the Net.
0:44 of 3rd period - Slapshot by Dmitry Kulikov.
0:44 of 3rd period - Shot Blocked by Frederic St-Denis.
0:46 of 3rd period - Snap shot by Dmitry Kulikov.
0:46 of 3rd period - Shot Misses the Net.
0:48 of 3rd period - Slapshot by Bruno Gervais.
0:48 of 3rd period - Shot Blocked by Anton Gustafsson.
0:50 of 3rd period - Slapshot by Dmitry Kulikov.
0:50 of 3rd period - Shot Misses the Net.
1:00 of 3rd period - Frederic St-Denis is hit by Dmitry Kulikov and loses puck.
1:44 of 3rd period - Slapshot by Mike Zigomanis.
1:44 of 3rd period - Shot Blocked by Sasha Pokulok.
1:46 of 3rd period - Snap shot by Cody McLeod.
1:46 of 3rd period - Goal by Cody McLeod - Carnivores : 3 - Rafales : 2.
1:47 of 3rd period - Mike Zigomanis wins face-off versus Mikael Granlund in neutral zone.
2:00 of 3rd period - Slapshot by Sasha Pokulok.
2:00 of 3rd period - Shot Blocked by Mike Zigomanis.
2:02 of 3rd period - Wrist shot by Mikael Granlund.
2:02 of 3rd period - Shot Blocked by Marc-André Gragnani.
2:14 of 3rd period - Backhand shot by Anton Lander.
2:14 of 3rd period - Shot Misses the Net.
2:19 of 3rd period - Icing by Mike Zigomanis.
2:20 of 3rd period - Mike Zigomanis wins face-off versus Anton Gustafsson in Rafales zone.
2:25 of 3rd period - Brendan Gallagher is hit by Willie Mitchell and loses puck.
2:36 of 3rd period - Snap shot by Joffrey Lupul.
2:36 of 3rd period - Shot Misses the Net.
2:53 of 3rd period - Wrist shot by Chris Lawrence.
2:53 of 3rd period - Shot Misses the Net.
3:07 of 3rd period - Wrist shot by Nathan Davis.
3:07 of 3rd period - Shot Misses the Net.
3:09 of 3rd period - Wrist shot by Dmitry Kulikov.
3:09 of 3rd period - Stopped by Steve Mason with a rebound.
3:11 of 3rd period - Snap shot by Jeff Skinner.
3:11 of 3rd period - Stopped by Steve Mason without a rebound.
3:12 of 3rd period - Anton Lander wins face-off versus Nathan Davis in Carnivores zone.
3:12 of 3rd period - Anton Lander is hit by Jeff Skinner.
3:19 of 3rd period - Off-side.
3:20 of 3rd period - Mikael Granlund wins face-off versus Nathan Davis in neutral zone.
3:49 of 3rd period - Snap shot by Joffrey Lupul.
3:49 of 3rd period - Shot Blocked by Bruno Gervais.
3:51 of 3rd period - Wrist shot by Joffrey Lupul.
3:51 of 3rd period - Stopped by Loïc Lacasse without a rebound.
3:52 of 3rd period - Mike Zigomanis wins face-off versus Anton Gustafsson in Rafales zone.
4:01 of 3rd period - Slapshot by Marc-André Gragnani.
4:01 of 3rd period - Shot Blocked by Anton Gustafsson.
4:14 of 3rd period - Jonas Junland is hit by John Moore and loses puck.
4:29 of 3rd period - Snap shot by Dan Fritsche.
4:29 of 3rd period - Shot Misses the Net.
4:33 of 3rd period - Wrist shot by Tim Crowder.
4:33 of 3rd period - Stopped by Steve Mason with a rebound.
4:35 of 3rd period - Slapshot by Dan Fritsche.
4:35 of 3rd period - Stopped by Steve Mason without a rebound.
4:36 of 3rd period - Dan Fritsche wins face-off versus Anton Lander in Carnivores zone.
4:46 of 3rd period - Icing by Frederic St-Denis.
4:47 of 3rd period - Mike Zigomanis wins face-off versus Anton Lander in Carnivores zone.
5:00 of 3rd period - Wrist shot by Cody McLeod.
5:00 of 3rd period - Shot Blocked by Anton Lander.
5:02 of 3rd period - Snap shot by Marc-André Gragnani.
5:02 of 3rd period - Stopped by Steve Mason with a rebound.
5:34 of 3rd period - Snap shot by Nathan Davis.
5:34 of 3rd period - Stopped by Steve Mason without a rebound.
5:35 of 3rd period - Anton Gustafsson wins face-off versus Nathan Davis in Carnivores zone.
5:44 of 3rd period - Wrist shot by Jonathan Rheault.
5:44 of 3rd period - Shot Blocked by Sasha Pokulok.
5:46 of 3rd period - Slapshot by Bruno Gervais.
5:46 of 3rd period - Shot Misses the Net.
5:48 of 3rd period - Snap shot by Jonathan Rheault.
5:48 of 3rd period - Stopped by Steve Mason without a rebound.
5:49 of 3rd period - Mike Zigomanis wins face-off versus Mikael Granlund in Carnivores zone.
5:52 of 3rd period - Wrist shot by Mike Zigomanis.
5:52 of 3rd period - Shot Misses the Net.
5:58 of 3rd period - Slapshot by Chris Lawrence.
5:58 of 3rd period - Shot Misses the Net.
6:00 of 3rd period - Backhand shot by Blake Geoffrion.
6:00 of 3rd period - Shot Misses the Net.
6:02 of 3rd period - Wrist shot by Mikael Granlund.
6:02 of 3rd period - Shot Blocked by Dmitry Kulikov.
6:14 of 3rd period - Anton Gustafsson is hit by Dmitry Kulikov and loses puck.
6:21 of 3rd period - Slapshot by Sasha Pokulok.
6:21 of 3rd period - Stopped by Loïc Lacasse with a rebound.
7:21 of 3rd period - Wrist shot by Mike Zigomanis.
7:21 of 3rd period - Shot Misses the Net.
7:23 of 3rd period - Slapshot by Marc-André Gragnani.
7:23 of 3rd period - Shot Blocked by Phil Oreskovic.
7:25 of 3rd period - Wrist shot by Cody McLeod.
7:25 of 3rd period - Shot Misses the Net.
7:37 of 3rd period - Jonas Junland is hit by Sasha Pokulok.
7:51 of 3rd period - Minor Penalty to Sasha Pokulok for Tripping.
7:52 of 3rd period - Mike Zigomanis wins face-off versus Anton Lander in Carnivores zone.
7:55 of 3rd period - Wrist shot by Milan Bartovic.
7:55 of 3rd period - Deflect By Cody McLeod.
7:55 of 3rd period - Shot Misses the Net.
7:55 of 3rd period - Puck is out of play.
7:56 of 3rd period - Mike Zigomanis wins face-off versus Anton Lander in Carnivores zone.
7:57 of 3rd period - Snap shot by Cody McLeod.
7:57 of 3rd period - Shot Misses the Net.
7:59 of 3rd period - Slapshot by Matt Gilroy.
7:59 of 3rd period - Stopped by Steve Mason without a rebound.
8:00 of 3rd period - Milan Bartovic wins face-off versus Anton Lander in Carnivores zone.
8:07 of 3rd period - Slapshot by Cody McLeod.
8:07 of 3rd period - Goal by Cody McLeod - Carnivores : 3 - Rafales : 3.
8:08 of 3rd period - Mikael Granlund wins face-off versus Mike Zigomanis in neutral zone.
8:20 of 3rd period - Snap shot by Chris Lawrence.
8:20 of 3rd period - Shot Misses the Net.
8:22 of 3rd period - Snap shot by Mikael Granlund.
8:22 of 3rd period - Deflect By Blake Geoffrion.
8:22 of 3rd period - Shot Blocked by Cody McLeod.
8:22 of 3rd period - Puck is out of play.
8:23 of 3rd period - Anton Gustafsson wins face-off versus Dan Fritsche in Rafales zone.
8:24 of 3rd period - Snap shot by Joffrey Lupul.
8:24 of 3rd period - Deflect By Marc-André Gragnani.
8:24 of 3rd period - Stopped by Loïc Lacasse without a rebound.
8:25 of 3rd period - Mike Sislo wins face-off versus Anton Gustafsson in Rafales zone.
8:25 of 3rd period - Mike Sislo is hit by Anton Gustafsson.
8:53 of 3rd period - Snap shot by Anton Lander.
8:53 of 3rd period - Shot Misses the Net.
8:55 of 3rd period - Slapshot by Anton Lander.
8:55 of 3rd period - Stopped by Loïc Lacasse with a rebound.
8:57 of 3rd period - Wrist shot by Jeremy Welsh.
8:57 of 3rd period - Stopped by Loïc Lacasse without a rebound.
8:58 of 3rd period - Anton Lander wins face-off versus Mike Zigomanis in Rafales zone.
9:23 of 3rd period - Bruno Gervais is hit by Mikael Granlund.
10:07 of 3rd period - Wrist shot by Colton Orr.
10:07 of 3rd period - Shot Blocked by Mike Sislo.
10:09 of 3rd period - Backhand shot by Colton Orr.
10:09 of 3rd period - Stopped by Loïc Lacasse with a rebound.
10:13 of 3rd period - Snap shot by Colton Orr.
10:13 of 3rd period - Goal by Colton Orr - Carnivores : 4 - Rafales : 3.
10:14 of 3rd period - Mike Zigomanis wins face-off versus Mikael Granlund in neutral zone.
10:40 of 3rd period - Chris Butler is hit by Marc-André Gragnani and loses puck.
10:45 of 3rd period - Slapshot by Dmitry Kulikov.
10:45 of 3rd period - Stopped by Steve Mason with a rebound.
11:05 of 3rd period - Slapshot by Joffrey Lupul.
11:05 of 3rd period - Shot Blocked by Dan Fritsche.
11:07 of 3rd period - Snap shot by Frederic St-Denis.
11:07 of 3rd period - Deflect By Joffrey Lupul.
11:07 of 3rd period - Shot Blocked by Bruno Gervais.
11:07 of 3rd period - Puck is out of play.
11:08 of 3rd period - Dan Fritsche wins face-off versus Brendan Gallagher in Rafales zone.
11:19 of 3rd period - Snap shot by Dan Fritsche.
11:19 of 3rd period - Deflect By Mike Sislo.
11:19 of 3rd period - Shot Blocked by Sasha Pokulok.
11:19 of 3rd period - Puck is out of play.
11:20 of 3rd period - Mike Zigomanis wins face-off versus Anton Gustafsson in Carnivores zone.
11:23 of 3rd period - Snap shot by Cody McLeod.
11:23 of 3rd period - Shot Blocked by Sasha Pokulok.
11:36 of 3rd period - Off-side.
11:37 of 3rd period - Dan Fritsche wins face-off versus Mikael Granlund in neutral zone.
11:47 of 3rd period - Tim Crowder is hit by Blake Geoffrion and loses puck.
12:08 of 3rd period - Wrist shot by Joffrey Lupul.
12:08 of 3rd period - Shot Misses the Net.
13:08 of 3rd period - Snap shot by Johan Ryno.
13:08 of 3rd period - Stopped by Steve Mason without a rebound.
13:09 of 3rd period - Anton Gustafsson wins face-off versus Mike Zigomanis in Carnivores zone.
13:49 of 3rd period - Slapshot by Mike Sislo.
13:49 of 3rd period - Stopped by Steve Mason with a rebound.
14:21 of 3rd period - Johan Ryno is hit by Lane MacDermid and loses puck.
15:23 of 3rd period - Slapshot by Bruno Gervais.
15:23 of 3rd period - Deflect By Jeff Skinner.
15:23 of 3rd period - Stopped by Steve Mason with a rebound.
17:02 of 3rd period - Chris Lawrence is hit by Jeff Skinner and loses puck.
17:19 of 3rd period - Snap shot by Anton Gustafsson.
17:19 of 3rd period - Goal by Anton Gustafsson - Carnivores : 5 - Rafales : 3.
17:20 of 3rd period - Anton Lander wins face-off versus Nathan Davis in neutral zone.
17:25 of 3rd period - Slapshot by Sasha Pokulok.
17:25 of 3rd period - Stopped by Loïc Lacasse with a rebound.
17:27 of 3rd period - Snap shot by Anton Lander.
17:27 of 3rd period - Shot Misses the Net.
17:29 of 3rd period - Snap shot by Jeremy Welsh.
17:29 of 3rd period - Deflect By Vaclav Varada.
17:29 of 3rd period - Shot Misses the Net.
17:29 of 3rd period - Puck is out of play.
17:30 of 3rd period - Nathan Davis wins face-off versus Anton Lander in Rafales zone.
17:30 of 3rd period - Nathan Davis is hit by Sasha Pokulok.
17:40 of 3rd period - Snap shot by Vaclav Varada.
17:40 of 3rd period - Deflect By Jeremy Welsh.
17:40 of 3rd period - Shot Misses the Net.
17:40 of 3rd period - Puck is out of play.
17:41 of 3rd period - Jeff Skinner wins face-off versus Vaclav Varada in Rafales zone.
17:41 of 3rd period - Jeff Skinner is hit by Vaclav Varada.
18:13 of 3rd period - Snap shot by Mike Zigomanis.
18:13 of 3rd period - Stopped by Steve Mason without a rebound.
18:14 of 3rd period - Mikael Granlund wins face-off versus Mike Zigomanis in Carnivores zone.
18:43 of 3rd period - Wrist shot by Jonathan Rheault.
18:43 of 3rd period - Deflect By Jeff Skinner.
18:43 of 3rd period - Stopped by Steve Mason with a rebound.
18:49 of 3rd period - Wrist shot by Nathan Davis.
18:49 of 3rd period - Stopped by Steve Mason without a rebound.
18:50 of 3rd period - Mike Zigomanis wins face-off versus Mikael Granlund in Carnivores zone.
18:50 of 3rd period - Mike Zigomanis is hit by Chris Lawrence.
19:25 of 3rd period - Bruno Gervais is hit by Anton Lander and loses puck.
Goals for this period are 2 for Carnivores vs 2 for Rafales.
Shots for this period are 9 for Carnivores vs 18 for Rafales.
Output by the SimonT Hockey Simulator (STHS) for François Prévost -- Original Page W3C XHTML 1.0 Valid